 Dungeon Crawl Stone Soup version 0.27-a0-1525-g1038ab4fd7 (webtiles) character file.

Game seed: 4226927557344202194

20291 Zonian the Destroyer (level 12, -2/81 HPs)
             Began as a Gnoll Conjurer on July 10, 2021.
             Was an Elder of Hepliaklqana.
             Slain by a wyvern (3 damage)
             ... on level 5 of the Lair of Beasts.
             The game lasted 00:32:55 (19801 turns).

Zonian the Destroyer (Gnoll Conjurer)              Turns: 19801, Time: 00:32:56

Health: -2/81      AC:  8    Str: 14    XL:     12   Next: 78%
Magic:  18/25      EV:  8    Int: 21    God:    Hepliaklqana [****..]
Gold:   716        SH:  0    Dex: 11    Spells: 17/29 levels left

rFire    . . .     SeeInvis .   d - +4 dagger (venom)
rCold    + + .     Faith    .   (no shield)
rNeg     . . .     Spirit   .   N - +2 robe {rC+}
rPois    .         Reflect  .   P - +2 hat {Stlth+}
rElec    .         Harm     .   t - +0 cloak
rCorr    .         Rampage  .   (no gloves)
Will     .....                  (no boots)
Stlth    +++++.....             (no amulet)
HPRegen  0.23/turn              L - ring of protection from cold
MPRegen  0.19/turn              E - +6 ring of strength

@: petrifying, frozen, very slow
A: reduced essence, fangs 1, strong nose, distributed training
a: Renounce Religion, Recall Ancestor, Ancestor Identity, Transference, Idealise


You were on level 5 of the Lair of Beasts.
You worshipped Hepliaklqana.
Hepliaklqana was greatly pleased with you.
You visited 2 branches of the dungeon, and saw 13 of its levels.
You also visited: Ossuary.

You collected 716 gold pieces.

Inventory:

Hand Weapons
 d - a +4 dagger of venom (weapon)
 e - a +2 dagger of protection
 u - the +9 war axe of Hahore {protect, Dex+4}
   (You found it on level 6 of the Dungeon)

   It grants its wielder temporary protection when it strikes (+7 to AC).
   Dex:       It affects your dexterity (+4).
 v - a +4 short sword
 z - a +0 vorpal shortbow
 B - a +2 short sword of speed
 K - a +3 eveningstar
Missiles
 c - 17 boomerangs
 o - 69 poisoned darts
 A - 164 arrows
 C - a curare-tipped dart
 J - 7 silver javelins
Armour
 a - a +1 robe
 t - a +0 cloak (worn)
 x - a +2 leather armour of fire resistance
 N - a +2 robe of cold resistance (worn)
 P - a +2 hat of stealth (worn)
Magical Staves
 T - a staff of air
Jewellery
 j - a ring of resist corrosion
 E - a +6 ring of strength (right hand)
 L - a ring of protection from cold (left hand)
 Q - a ring of protection from cold
 R - a ring of positive energy
Wands
 f - a wand of polymorph (30)
 l - a wand of digging (8)
 q - a wand of acid (13)
 s - a wand of mindburst (23)
 y - a wand of flame (23)
 I - a wand of iceblast (6)
Scrolls
 g - 4 scrolls of fog
 i - 7 scrolls of teleportation
 p - 4 scrolls of enchant armour
 O - a scroll of amnesia
Potions
 b - 5 potions of flight
 h - 2 potions of might
 k - 4 potions of attraction
 m - 3 potions of berserk rage
 n - 6 potions of mutation
 r - a potion of lignification
 D - 3 potions of resistance
 F - 2 potions of curing
 G - a potion of ambrosia {unknown}
 H - 2 potions of invisibility {unknown}
 M - 2 potions of brilliance {unknown}
 S - 2 potions of cancellation {unknown}


   Skills:
 + Level 7.6 Fighting
 + Level 7.6 Short Blades
 + Level 7.6 Long Blades
 + Level 7.6 Axes
 + Level 7.6 Maces & Flails
 + Level 7.6 Polearms
 + Level 7.6 Staves
 + Level 7.6 Slings
 + Level 7.6 Bows
 + Level 7.6 Crossbows
 + Level 7.6 Throwing
 + Level 7.6 Armour
 + Level 9.0 Dodging
 + Level 8.8 Stealth
 + Level 7.6 Shields
 + Level 7.6 Unarmed Combat
 + Level 9.2 Spellcasting
 + Level 9.6 Conjurations
 + Level 6.3 Hexes
 + Level 6.3 Summonings
 + Level 6.3 Necromancy
 + Level 6.3 Translocations
 + Level 6.3 Transmutations
 + Level 6.3 Fire Magic
 + Level 6.3 Ice Magic
 + Level 6.3 Air Magic
 + Level 6.3 Earth Magic
 + Level 6.3 Poison Magic
 + Level 8.3 Invocations
 + Level 7.6 Evocations


You had 17 spell levels left.
You knew the following spells:

 Your Spells              Type           Power      Damage    Failure   Level
a - Magic Dart            Conj           100%       1d8       1%          1
b - Searing Ray           Conj           100%       3d7       1%          2
c - Iskenderun's Mystic   Conj/Tloc      43%        2d10      2%          4
d - Iskenderun's Battles  Conj           50%        2d10      3%          5

Your spell library contained the following spells:

 Spells                   Type           Power      Damage    Failure   Level
 Dazzling Flash           Conj/Hex       86%        N/A       1%          3
 Fulminant Prism          Conj/Hex       21%        3d13      2%          4
 Fireball                 Conj/Fire      21%        3d10      8%          5
 Alistair's Intoxication  Tmut/Pois      24%        N/A       14%         5
 Borgnjor's Vile Clutch   Necr/Erth      18%        N/A       14%         5
 Conjure Ball Lightning   Conj/Air       21%        3x3d6     38%         6
 Eringya's Noxious Bog    Tmut/Pois      18%        N/A       63%         6
 Orb of Destruction       Conj           25%        9d10      75%         7


Dungeon Overview and Level Annotations

Branches:
Dungeon (8/15)             Temple (0/1) D:5            Lair (5/6) D:8
  Swamp (0/4) Lair:2        Snake (0/4) Lair:4      Ossuary (visited)
  Slime: Lair:5-6

Altars:
Ashenzari
Fedhas
Hepliaklqana
Kikubaaqudgha
Nemelex Xobeh
Ru
Vehumet
The Shining One

Shops:
D:2 *


Innate Abilities, Weirdness & Mutations

Your life essence is reduced to manifest your ancestor. (-10% HP)
You have very sharp teeth.
Your uncanny sense of smell can sniff out nearby items.
Your experience applies equally to all skills.


Message History

The hell rat is lightly wounded.
The hell rat is knocked back by the mystic blast.
The hell rat slams into the rock wall!
The mystic blast hits the elephant.
The elephant is almost dead.
The elephant is knocked back by the mystic blast.
You hear an angry hiss. x7; You hear a deafening roar!
Your battlesphere fires!
The barrage of energy hits the steam dragon!
The steam dragon is heavily wounded.
Your attack snaps the steam dragon out of its fear.
The rime drake breathes ice at you. The flash freeze hits you.
You partially resist.
* * * LOW HITPOINT WARNING * * *
You are encased in ice.
Saiki hits the elephant with a +0 flail!
The elephant dies!
The hell rat barely misses you. The basilisk gazes at you.
You are slowing down.
A six-headed hydra comes into view.
Your life force feels restored.
Your Dodging skill increases to level 9!
Casting: Iskenderun's Mystic Blast (dangerous; 2% risk of failure)
Confirm with . or Enter, or press ? or * to list all spells.
You erupt in a blast of force!
Saiki avoids your attack.
The mystic blast hits the wyvern!
The wyvern is moderately wounded.
The wyvern is knocked back by the mystic blast.
The wyvern slams into the rock wall!
The mystic blast hits the hell rat!
The hell rat is severely wounded.
The hell rat is knocked back by the mystic blast.
The hell rat slams into the rock wall!
You kill the hell rat!
You hear an angry hiss. x3
Your battlesphere fires!
The barrage of energy hits the rime drake!
The rime drake is severely wounded.
A hell rat comes into view. x2
The wyvern bites you.
You die...

... .... .#DP###
.......## ##
........# #.#
........###.# .
.........R.###...
...*...@<.r...r.l
.......l#.....r>.
....k.l#######DP.
....ll. .......
..#.P#. .>r####
.#∆ ∆


You could see the friendly Saiki the knight, a six-headed hydra, a basilisk, a
rime drake (catching breath), a steam dragon (fleeing, ally target), 3 wyverns,
4 hell rats and a friendly battlesphere.

Vanquished Creatures
  Gastronok (Lair:2)
  Fannar (Lair:2)
  4 hydras
  A catoblepas (Lair:3)
  Urug (Lair:1)
  An elephant (Lair:5)
  A black mamba (Lair:4)
  A cane toad (Lair:4)
  2 rime drakes (Lair:4)
  5 blink frogs (Lair:4)
  Sigmund (D:3)
  A vampire (D:6)
  A fire elemental (Lair:2)
  2 basilisks
  13 yaks
  A wyvern (Lair:3)
  13 water moccasins
  A sky beast (D:7)
  An ice beast (D:6)
  4 black bears
  6 wolves (Lair:4)
  6 ogres
  A centaur (D:8)
  A felid (D:1)
  A kobold brigand (D:8)
  10 bullfrogs
  3 scorpions
  2 wyvern skeletons
  3 water moccasin skeletons
  A howler monkey (D:8)
  5 orc priests
  A jelly (D:8)
  3 bullfrog skeletons
  A gnoll shaman (D:6)
  2 iguanas
  Natasha (thrice) (D:3)
  4 orc wizards
  A hell rat (Lair:5)
  3 mummies (Ossuary)
  7 gnolls (D:6)
  5 adders
  A white imp (D:7)
  An ufetubus (D:6)
  An adder skeleton (D:2)
  A worm (D:2)
  5 dart slugs
  21 orcs
  14 bats
  4 endoplasms
  2 giant cockroaches (D:3)
  10 hobgoblins
  13 jackals
  4 quokkas
  5 ball pythons
  4 frilled lizards
  7 goblins
  14 kobolds
  22 rats
  A butterfly (Lair:4)
255 creatures vanquished.

Vanquished Creatures (collateral kills)
  An elephant (Lair:5)
  2 black mambas (Lair:4)
  A cane toad (Lair:4)
  A komodo dragon (D:8)
  A rime drake (Lair:4)
  2 yaks
  9 water moccasins
  A necrophage (D:6)
  2 black bears
  2 wolves (Lair:4)
  A phantom (D:6)
  A centaur (D:7)
  2 bullfrogs
  A wyvern skeleton (D:6)
  An orc priest (D:7)
  A scorpion zombie (D:5)
  An iguana (D:5)
  A howler monkey zombie (D:7)
  A gnoll (D:6)
  2 adders
  An ufetubus (D:6)
  2 orcs
  3 bats (D:8)
  2 kobolds (D:8)
42 creatures vanquished.

Vanquished Creatures (others)
  A ghoul (D:1)
  A minotaur (D:1)
  A palentonga (D:1)
  A vine stalker (D:1)
  A merfolk (D:1)
  A troll (D:1)
  2 vampires (D:1)
  A demigod (D:1)
  A felid (D:1)
  3 knights
  A gnoll (D:1)
  An orc (D:1)
  A demonic plant (D:2)
  38 fungi
  70 plants
  8 tentacles (D:1)
132 creatures vanquished.

Grand Total: 429 creatures vanquished

Notes
Turn   | Place    | Note
-------+----------+-------------------------------------------
     0 | D:1      | Zonian the Gnoll Conjurer began the quest for the Orb.
     0 | D:1      | Reached XP level 1. HP: 13/13 MP: 6/6
     0 | D:1      | Noticed a vampire
     0 | D:1      | Noticed a ghoul
     0 | D:1      | Noticed a palentonga
     0 | D:1      | Noticed a vampire
     0 | D:1      | Noticed a minotaur
     0 | D:1      | Noticed a kraken
     0 | D:1      | Noticed a merfolk
     0 | D:1      | Noticed a vine stalker
     0 | D:1      | Noticed a felid
     0 | D:1      | Noticed a troll
     0 | D:1      | Noticed a demigod
     2 | D:1      | Killed a felid
     4 | D:1      | Killed a troll
     8 | D:1      | Killed a merfolk
    10 | D:1      | Killed a demigod
    11 | D:1      | Killed a vampire
    13 | D:1      | Killed a palentonga
    14 | D:1      | Killed a vampire
    15 | D:1      | Killed a vine stalker
    17 | D:1      | Killed a minotaur
    20 | D:1      | Killed a ghoul
   354 | D:1      | Reached XP level 2. HP: 19/19 MP: 5/7
   779 | D:1      | Noticed a felid
   784 | D:1      | Killed a felid
   785 | D:1      | Reached skill level 1 in Fighting
   785 | D:1      | Reached skill level 1 in Short Blades
   785 | D:1      | Reached skill level 1 in Long Blades
   785 | D:1      | Reached skill level 1 in Axes
   785 | D:1      | Reached skill level 1 in Maces & Flails
   785 | D:1      | Reached skill level 1 in Polearms
   785 | D:1      | Reached skill level 1 in Staves
   785 | D:1      | Reached skill level 1 in Slings
   785 | D:1      | Reached skill level 1 in Bows
   785 | D:1      | Reached skill level 1 in Crossbows
   785 | D:1      | Reached skill level 1 in Throwing
   785 | D:1      | Reached skill level 1 in Armour
   785 | D:1      | Reached skill level 1 in Shields
   785 | D:1      | Reached skill level 1 in Unarmed Combat
   785 | D:1      | Reached skill level 5 in Spellcasting
   785 | D:1      | Reached skill level 1 in Hexes
   785 | D:1      | Reached skill level 1 in Summonings
   785 | D:1      | Reached skill level 1 in Necromancy
   785 | D:1      | Reached skill level 1 in Translocations
   785 | D:1      | Reached skill level 1 in Transmutations
   785 | D:1      | Reached skill level 1 in Fire Magic
   785 | D:1      | Reached skill level 1 in Ice Magic
   785 | D:1      | Reached skill level 1 in Air Magic
   785 | D:1      | Reached skill level 1 in Earth Magic
   785 | D:1      | Reached skill level 1 in Poison Magic
   785 | D:1      | Reached skill level 1 in Invocations
   785 | D:1      | Reached skill level 1 in Evocations
   785 | D:1      | Reached XP level 3. HP: 26/26 MP: 0/9
   785 | D:1      | Reached XP level 4. HP: 32/32 MP: 0/11
  1419 | D:2      | Reached XP level 5. HP: 37/37 MP: 10/12
  1450 | D:2      | Learned a level 2 spell: Searing Ray
  1455 | D:2      | Learned a level 4 spell: Iskenderun's Mystic Blast
  1544 | D:2      | Found Imupp's General Store.
  1913 | D:2      | Found a faded altar of an unknown god.
  1913 | D:2      | Noticed a Hell Sentinel
  2078 | D:3      | Noticed an ogre
  2488 | D:3      | Noticed an ogre
  2491 | D:3      | Killed an ogre
  2492 | D:3      | Reached XP level 6. HP: 4/44 MP: 8/13
  3113 | D:3      | Reached skill level 5 in Dodging
  3255 | D:3      | Noticed Natasha
  4106 | D:3      | Killed Natasha
  4370 | D:3      | Noticed Sigmund
  4381 | D:3      | Killed Sigmund
  4382 | D:3      | Reached XP level 7. HP: 51/51 MP: 6/15
  4613 | D:3      | Noticed Natasha
  4680 | D:3      | Killed Natasha
  4818 | D:3      | Noticed Natasha
  4820 | D:3      | Killed Natasha
  4859 | D:3      | Found a hazy altar of Hepliaklqana.
  4867 | D:3      | Became a worshipper of Hepliaklqana the Forgotten
  4903 | D:4      | Reached skill level 5 in Stealth
  5674 | D:4      | Reached XP level 8. HP: 22/57 MP: 10/16
  6200 | D:4      | Reached * piety under Hepliaklqana
  6327 | D:4      | Found a sacrificial altar of Ru.
  6389 | D:5      | Entered Level 5 of the Dungeon
  6403 | D:5      | Found a staircase to the Ecumenical Temple.
  6885 | D:5      | Found a sparkling altar of Nemelex Xobeh.
  7853 | D:6      | Reached XP level 9. HP: 26/58 MP: 5/18
  8671 | D:6      | Found a glowing golden altar of the Shining One.
  9346 | D:6      | Reached ** piety under Hepliaklqana
  9347 | D:6      | Remembered your ancestor Saiki as a knight
  9368 | D:6      | Found a blossoming altar of Fedhas.
  9874 | D:6      | Identified the +9 war axe of Hahore {protect, Dex+4}
 10146 | D:7      | Found a broken altar of Ashenzari.
 10460 | D:7      | Found a radiant altar of Vehumet.
 10487 | D:7      | Reached skill level 5 in Invocations
 10806 | D:7      | Found an ancient bone altar of Kikubaaqudgha.
 11061 | D:8      | Found a staircase to the Lair.
 11079 | D:8      | Reached XP level 10. HP: 38/65 MP: 14/20
 11089 | D:8      | Reached skill level 5 in Fighting
 11089 | D:8      | Reached skill level 5 in Short Blades
 11089 | D:8      | Reached skill level 5 in Long Blades
 11089 | D:8      | Reached skill level 5 in Axes
 11089 | D:8      | Reached skill level 5 in Maces & Flails
 11089 | D:8      | Reached skill level 5 in Polearms
 11089 | D:8      | Reached skill level 5 in Staves
 11089 | D:8      | Reached skill level 5 in Slings
 11089 | D:8      | Reached skill level 5 in Bows
 11089 | D:8      | Reached skill level 5 in Crossbows
 11089 | D:8      | Reached skill level 5 in Throwing
 11089 | D:8      | Reached skill level 5 in Armour
 11089 | D:8      | Reached skill level 5 in Shields
 11089 | D:8      | Reached skill level 5 in Unarmed Combat
 11089 | D:8      | Reached skill level 5 in Evocations
 11621 | D:8      | Found a sand-covered staircase.
 11625 | Ossuary  | Entered an ossuary
 12320 | D:8      | Reached *** piety under Hepliaklqana
 12500 | D:8      | Learned a level 5 spell: Iskenderun's Battlesphere
 12910 | Lair:1   | Entered Level 1 of the Lair of Beasts
 12910 | Lair:1   | Noticed a five-headed hydra
 12914 | Lair:1   | Killed a five-headed hydra
 13284 | Lair:1   | Noticed a seven-headed hydra
 13290 | Lair:1   | Killed a seven-headed hydra
 13291 | Lair:1   | Reached XP level 11. HP: 41/72 MP: 16/22
 13888 | Lair:1   | Noticed Urug
 13897 | Lair:1   | Killed Urug
 13898 | Lair:1   | Reached skill level 5 in Hexes
 13898 | Lair:1   | Reached skill level 5 in Summonings
 13898 | Lair:1   | Reached skill level 5 in Necromancy
 13898 | Lair:1   | Reached skill level 5 in Translocations
 13898 | Lair:1   | Reached skill level 5 in Transmutations
 13898 | Lair:1   | Reached skill level 5 in Fire Magic
 13898 | Lair:1   | Reached skill level 5 in Ice Magic
 13898 | Lair:1   | Reached skill level 5 in Air Magic
 13898 | Lair:1   | Reached skill level 5 in Earth Magic
 13898 | Lair:1   | Reached skill level 5 in Poison Magic
 15092 | Lair:2   | Noticed a four-headed hydra
 15220 | Lair:2   | Noticed Gastronok
 15270 | Lair:2   | Noticed Fannar
 15282 | Lair:2   | Killed Fannar
 15284 | Lair:2   | Killed a four-headed hydra
 16008 | Lair:2   | Found a staircase to the Swamp.
 16060 | Lair:2   | Reached **** piety under Hepliaklqana
 16101 | Lair:2   | Killed Gastronok
 16718 | Lair:3   | Noticed a catoblepas
 16736 | Lair:3   | Killed a catoblepas
 17550 | Lair:3   | Reached XP level 12. HP: 80/80 MP: 24/24
 18441 | Lair:4   | Found a staircase to the Snake Pit.
 19099 | Lair:4   | Noticed an eight-headed hydra
 19115 | Lair:4   | Killed an eight-headed hydra
 19797 | Lair:5   | HP: 3/79 [elephant (10)]
 19800 | Lair:5   | HP: 1/79 [rime drake/flash freeze (3)]
 19800 | Lair:5   | Noticed a six-headed hydra
 19801 | Lair:5   | Slain by a wyvern

Illustrated notes

Levels and vault maps discovered:
D:1:      nicolae_arrival_kraken_aquarium_a, layout_basic, minmay_cut_off
D:2:      layout_loops_cross, dreamdust_ecumenical_altar_sealed_demon,
          serial_shops, shop
D:3:      layout_basic, worldfamousw_hep_ancestral_shrine,
          roderic_roman_lattice, uniq_sigmund, uniq_natasha
D:4:      layout_cave_pools, nicolae_ru_path_of_blood, serial_column_ruins,
          column_ruins_hut, column_ruins_hut, column_ruins_columns_T,
          column_ruins_columns_straight, column_ruins_grid_1,
          column_ruins_grid_3, column_ruins_corridor_dead_end, minivault_4,
          hangedman_decor_clover_reticule, minmay_rat_hole
D:5:      black_bear_nest_1, layout_basic, lemuel_tele_altar,
          minmay_temple_entry_tees, grunt_ministairs_11, kennysheep_another_room
D:6:      layout_loops_cross, mainiacjoe_overflow_boulevard,
          overflow_temple_1_default, dk_noncrumbling_3, minmay_checkerbox
D:7:      layout_loops_ring, vehumet_altar_wand_db, serial_glass,
          glass_columns_a, glass_columns_a, glass_columns_b, glass_columns_a,
          glass_columns_c, hangedman_feature_mirror
D:8:      layout_basic, due_lair_maze_entry_diamond,
          lightli_ossuary_entry_decrepit_ruins, roderic_batcave,
          minmay_misc_feat_five, chequers_serial_rivers_micro_d
Lair:1:   layout_roguey, uniq_urug
Lair:2:   wad_woods_04, layout_gridlike, swamp_mist, uniq_fannar, uniq_gastronok
Lair:3:   layout_loops_ring
Lair:4:   layout_cave_pods, minmay_snake_entry_six_corridors,
          serial_bayou_shore_b, lemuel_fruit_fields
Lair:5:   layout_roguey [special_room_mythical_zoo],
          dpeg_slime_entry_enclosed_altar

Skill      XL: |  1  2  3  4  5  6  7  8  9 10 11 12 |
---------------+-------------------------------------+-----
Fighting       | 1 2 3 4 5 6 7 |  7.6
Short Blades   | 1 2 3 4 5 6 7 |  7.6
Long Blades    | 1 2 3 4 5 6 7 |  7.6
Axes           | 1 2 3 4 5 6 7 |  7.6
Maces & Flails | 1 2 3 4 5 6 7 |  7.6
Polearms       | 1 2 3 4 5 6 7 |  7.6
Staves         | 1 2 3 4 5 6 7 |  7.6
Slings         | 1 2 3 4 5 6 7 |  7.6
Bows           | 1 2 3 4 5 6 7 |  7.6
Crossbows      | 1 2 3 4 5 6 7 |  7.6
Throwing       | 1 2 3 4 5 6 7 |  7.6
Armour         | 1 2 3 4 5 6 7 |  7.6
Shields        | 1 2 3 4 5 6 7 |  7.6
Unarmed Combat | 1 2 3 4 5 6 7 |  7.6
Spellcasting   | 5 6 7 8 9 |  9.2
Hexes          | 1 2 3 4 5 6 |  6.3
Summonings     | 1 2 3 4 5 6 |  6.3
Necromancy     | 1 2 3 4 5 6 |  6.3
Translocations | 1 2 3 4 5 6 |  6.3
Transmutations | 1 2 3 4 5 6 |  6.3
Fire Magic     | 1 2 3 4 5 6 |  6.3
Ice Magic      | 1 2 3 4 5 6 |  6.3
Air Magic      | 1 2 3 4 5 6 |  6.3
Earth Magic    | 1 2 3 4 5 6 |  6.3
Poison Magic   | 1 2 3 4 5 6 |  6.3
Invocations    | 1 2 3 4 5 6 7 8 |  8.3
Evocations     | 1 2 3 4 5 6 7 |  7.6
Dodging        | 5 6 7 8 9 |  9.0
Stealth        | 5 6 7 8 |  8.8
Conjurations   | 8 9 |  9.6

Action                   |  1- 3 |  4- 6 |  7- 9 | 10-12 || total
-------------------------+-------+-------+-------+-------++-------
Melee: Dagger            |     2 |    16 |   121 |    34 ||   173
       Bite              |       |     2 |     9 |    14 ||    25
       War axe           |       |       |    44 |   113 ||   157
       Punch             |       |       |       |     3 ||     3
Throw: Javelin           |       |       |       |     1 ||     1
 Cast: Magic Dart        |    35 |   101 |   113 |    79 ||   328
       Searing Ray       |       |     7 |    22 |    33 ||    62
       Iskenderun's Myst |       |       |     1 |     5 ||     6
       Iskenderun's Batt |       |       |       |     3 ||     3
Invok: Ancestor Identity |       |       |     1 |       ||     1
       Ancestor Life: Kn |       |       |     1 |       ||     1
Evoke: Wand              |       |       |       |    13 ||    13
  Use: Scroll            |       |     7 |     9 |    11 ||    27
       Potion            |       |     1 |     1 |     6 ||     8
 Stab: Sleeping          |     1 |     1 |    12 |     9 ||    23
       Distracted        |       |       |     1 |       ||     1
Armor: Robe              |       |     2 |    27 |    33 ||    62
       Leather armour    |       |       |    21 |    30 ||    51
Dodge: Dodged            |     3 |    20 |   111 |   181 ||   315

Table legend: (Time is in decaauts)
 A = Elapsed time spent in this place.
 B = Non-inter-level travel time spent in this place.
 C = Inter-level travel time spent in this place.
 D = Time resting spent in this place.
 E = Time spent auto-exploring this place.
 F = Levels seen in this place.
 G = Mean time per level.
                   A        B        C        D        E       F      G
               +--------+--------+--------+--------+--------+-----+--------+
         Total |  19799 |  19440 |    359 |   8798 |   8387 |  14 | 1414.2 |
       Dungeon |  12403 |  12156 |    247 |   5401 |   5427 |   8 | 1550.4 |
          Lair |   6889 |   6777 |    112 |   3077 |   2959 |   5 | 1377.8 |
       Ossuary |    507 |    507 |      0 |    320 |      0 |   1 |  507.0 |
               +--------+--------+--------+--------+--------+-----+--------+

Top non-repeatable levels by time:
     D:6: 2306 daAuts
  Lair:2: 2149 daAuts
     D:3: 2049 daAuts
  Lair:4: 2005 daAuts
  Lair:1: 1649 daAuts
     D:2: 1610 daAuts
     D:4: 1493 daAuts
     D:5: 1333 daAuts
     D:7: 1282 daAuts
     D:1: 1230 daAuts
     D:8: 1098 daAuts
  Lair:3: 1063 daAuts
 Ossuary: 507 daAuts
  Lair:5: 21 daAuts
